 Dungeon Crawl Stone Soup version 0.32-a0-586-gd5c3ca0 (webtiles) character file.

Game seed: 6922791898345894024

35 Remcycle the Chopper (level 3, -7/29 HPs)
             Began as a Formicid Monk on Mar 2, 2024.
             Was a Priest of Jiyva.
             Mangled by a gnoll
             ... wielding a +0 halberd
              (14 damage)
             ... on level 2 of the Dungeon.
             The game lasted 00:02:02 (791 turns).

Remcycle the Chopper (Formicid Monk)                 Turns: 791, Time: 00:02:03

Health: -7/29      AC:  6    Str: 17    XL:     3   Next: 55%
Magic:  3/3        EV: 11    Int:  9    God:    Jiyva [***...]
Gold:   55         SH:  0    Dex: 16    Spells: 2/2 levels left

rFire   . . .        a - +0 hand axe
rCold   . . .        d - orb {light}
rNeg    . . .        m - +0 ring mail
rPois   .            (helmet unavailable)
rElec   .            (no cloak)
rCorr   +            (no gloves)
SInv    +            i - +0 pair of boots
Will    .....        (no amulet)
Stlth   +            (no ring)
HPRegen 1.36/turn    (no ring)
MPRegen 0.64/turn

%: no passive effects
@: glowing
A: permanent stasis, dig shafts and tunnels, antennae 3, four strong arms
a: Dig, Shaft Self, Renounce Religion, Oozemancy


You were on level 2 of the Dungeon.
You worshipped Jiyva.
Jiyva was most pleased with you.
You visited 1 branch of the dungeon, and saw 2 of its levels.

You collected 55 gold pieces.

Inventory:

Hand Weapons
 a - a +0 hand axe (weapon)
Armour
 b - a +0 robe
 d - an orb of light (worn)
 i - a +0 pair of boots (worn)
 k - a +0 leather armour
 m - a +0 ring mail (worn)
Jewellery
 l - a ring of flight
Scrolls
 f - a scroll of enchant weapon {unknown}
 h - a scroll of teleportation {unknown}
Potions
 c - a potion of ambrosia
 e - a potion of curing {unknown}
 g - a potion of heal wounds {unknown}
 j - a potion of invisibility {unknown}


   Skills:
 - Level 3.2 Fighting
 + Level 4.3 Axes
 - Level 2.6 Dodging


You had 2 spell levels left.
You didn't know any spells.
Your spell library contained the following spells:

 Spells                   Type           Power      Damage    Failure   Level
 Static Discharge         Conj/Air       0%         3-3/arc   75%         2
 Airstrike                Air            0%         2d(0-16)  100%        4
 Summon Lightning Spire   Summ/Air       0%         N/A       100%        4


Dungeon Overview and Level Annotations

Branches:
Dungeon (2/15)

Altars:
Jiyva

Annotations:
D:2 Sigmund


Innate Abilities, Weirdness & Mutations

You cannot be hasted, slowed, berserked, paralysed or teleported.
You can dig through walls and to a lower floor.
You have a pair of large antennae on your head. (SInv)
Your four strong arms can wield two-handed weapons with a shield.


Message History

You hit the gnoll.
The gnoll is almost dead.
The gnoll hits you with a +0 whip. The gnoll closely misses you.
You completely miss the gnoll.
The gnoll is almost dead.
The gnoll hits you from afar with a +0 spear.
The gnoll hits you with a +0 whip. The gnoll closely misses you.
You hit the gnoll but do no damage.
The gnoll is almost dead.
The gnoll hits you from afar with a +0 spear.
The gnoll closely misses you. The gnoll misses you.
You slash the gnoll!
You kill the gnoll!
The gnoll hits you from afar with a +0 spear.
The gnoll barely misses you. The gnoll hits you with a +0 spear.
You are too injured to fight recklessly!
You are too injured to fight recklessly!
You are too injured to fight recklessly!
You are too injured to fight recklessly!
Unknown command.
You barely miss the gnoll. The gnoll closely misses you.
You hear a distant slurping noise.
Sigmund the Dreaded comes into view.
He is wielding a +0 scythe.
The gnoll hits you with a +0 spear. The gnoll barely misses you.
Sigmund moves out of view.
You hit the gnoll but do no damage. You hit the kobold.
You kill the kobold!
The gnoll barely misses you.
The gnoll hits you from afar with a +0 halberd!
* * * LOW HITPOINT WARNING * * *
The gnoll misses you.
The gnoll hits you from afar with a +0 spear.
* * * LOW HITPOINT WARNING * * *
The gnoll completely misses you.
Something hits the gnoll.
The gnoll is splashed with acid!
The acid corrodes the gnoll!
The gnoll hits you from afar with a +0 halberd!
You die...
Jiyva sends a jelly to digest your remains.

#..............
#.############# #.#
###.## #....#
#.#..#
########.#..#######
....>.............#
.##@#J.######.#
.#.##..gg).#
...........#)#
...#.#...g##.# #
#......K.,
#.......##
#.####### #. .#


You could see 3 gnolls.

Vanquished Creatures
  A gnoll (D:2)
  A dart slug (D:1)
  3 ball pythons (D:1)
  3 endoplasms (D:1)
  A giant cockroach (D:2)
  A goblin (D:1)
  A hobgoblin (D:1)
  3 bats (D:1)
  7 frilled lizards (D:1)
  2 kobolds
  3 rats (D:1)
26 creatures vanquished.

Vanquished Creatures (others)
  A ball python (D:1)
1 creature vanquished.

Grand Total: 27 creatures vanquished

Notes
Turn   | Place    | Note
-------+----------+-------------------------------------------
     0 | D:1      | Remcycle the Formicid Monk began the quest for the Orb.
     0 | D:1      | Reached XP level 1. HP: 18/18 MP: 1/1
   214 | D:1      | Reached XP level 2. HP: 22/24 MP: 2/2
   439 | D:1      | Found a faded altar of an unknown god.
   442 | D:1      | Reached skill level 4 in Axes
   442 | D:1      | Reached XP level 3. HP: 29/29 MP: 3/3
   448 | D:1      | Prayed at the altar of an unknown god.
   448 | D:1      | Became a worshipper of Jiyva Jopoin the Shapeless
   448 | D:1      | Reached * piety under Jiyva
   448 | D:1      | Reached ** piety under Jiyva
   468 | D:1      | Reached *** piety under Jiyva
   786 | D:2      | Noticed Sigmund
   791 | D:2      | Mangled by a gnoll

Illustrated notes

Levels and vault maps discovered:
D:1:      saegor_arrival_under_anarchy, layout_loops_cross,
          shapermc_ecumenical_altar_venn
D:2:      cheibrodos_pilgrimage, layout_basic, uniq_sigmund, uniq_terence

Skill      XL: |  1  2 |
---------------+-------+-----
Axes           | 4 |  4.3
Fighting       | |  3.2
Dodging        | |  2.6

Action                     || total
---------------------------++-------
  Melee: Hand axe          ||    63
 Armour: Robe              ||    23
         Ring mail         ||    17
         Leather armour    ||     2
         Skin              ||     1
  Dodge: Dodged            ||    44

Table legend: (Time is in decaauts)
 A = Elapsed time spent in this place.
 B = Non-inter-level travel time spent in this place.
 C = Inter-level travel time spent in this place.
 D = Time resting spent in this place.
 E = Time spent auto-exploring this place.
 F = Levels seen in this place.
 G = Mean time per level.
                   A        B        C        D        E       F      G
               +--------+--------+--------+--------+--------+-----+--------+
         Total |    798 |    784 |     14 |      0 |    578 |   2 |  399.0 |
       Dungeon |    798 |    784 |     14 |      0 |    578 |   2 |  399.0 |
               +--------+--------+--------+--------+--------+-----+--------+

Top non-repeatable levels by time:
     D:1: 743 daAuts
     D:2: 54 daAuts
